[Event "Titled Tuesday Blitz November 07 Late 2023"]
[White "Prithu Gupta"]
[Black "Hambleton, Aman"]
[WhiteFideId "46618546"]
[BlackFideId "2606577"]
[WhiteElo "2413"]
[BlackElo "2752"]
[Result "1-0"]
[Round "8"]
[TimeControl "180+1"]
[Date "2023.11.07"]
[WhiteClock "0:00:03"]
[BlackClock "0:00:02"]
[Board "27"]

1. d4 e5 2. dxe5 Nc6 3. Nf3 Qe7 4. e3 Nxe5 5. Nbd2 Nf6 6. Be2 d5 7. c4 Nxc4 8. Nxc4 dxc4 9. Qa4+ Bd7 10. Qxc4 Qb4+ 11. Bd2 Qxc4 12. Bxc4 Ne4 13. Ne5 Nxd2 14. Kxd2 Bb4+ 15. Ke2 f6 16. Nd3 Bd6 17. Rac1 O-O-O 18. h3 Rhe8 19. Rhd1 Kb8 20. Ne1 Bc8 21. Nf3 c6 22. Bd3 g6 23. Bc4 Re7 24. Rd2 Kc7 25. Rcd1 Red7 26. Be6 Re7 27. Bxc8 Rxc8 28. Rxd6 Rce8 29. R6d2 a6 30. Nd4 f5 31. g3 Re4 32. Nf3 Rb4 33. b3 Re7 34. Nd4 a5 35. Nc2 Rb5 36. Na3 Rb4 37. Nc4 a4 38. Rd3 axb3 39. axb3 b5 40. Nd2 Kb6 41. Nf3 Ra7 42. R1d2 Ra3 43. Nd4 c5 44. Ne6 Rbxb3 45. Rd6+ Ka5 46. Nxc5 Rc3 47. Nb7+ Kb4 48. R2d4+ Kb3 49. Rd3 b4 50. Nc5+ Kc2 51. Rd2+ Kb1 52. Rd1+ Kb2 53. R6d2+ Rc2 54. Nd3+ Kc3 55. Rxc2+ Kxc2 56. Nxb4+ Kc3 57. Nd5+ Kc4 58. Nf6 Ra7 59. Rd7 Ra2+ 60. Kf3 h6 61. Ng8 h5 62. Rd6 g5 63. Nf6 g4+ 64. hxg4 hxg4+ 65. Kg2 Ra5 66. Nh5 Kc5 67. Rf6 Kc4 68. Ng7 Kd3 69. Rxf5 Ra2 70. Nh5 Ke2 71. Nf6 Ra4 72. Rf4 Ra6 73. Nxg4 Ke1 74. e4 Ke2 75. e5 Kd3 76. Rf6 Ra7 77. f4 Ke4 78. e6 Ra2+ 79. Kh3 Ra5 80. e7 Kf3 81. Ne5+ Kf2 82. e8=Q Ra2 83. Qc6 Kg1 84. Qc1+ Kf2 85. Ng4+ Kf3 86. Qe3# 1-0


[Site "https://www.chess.com"]

[Event "Titled Tuesday Blitz November 07 Late 2023"]
[White "Kovacsy, Barnabas"]
[Black "mind1mover"]
[WhiteFideId "769290"]
[WhiteElo "2503"]
[BlackElo "2832"]
[Result "1/2-1/2"]
[Round "8"]
[TimeControl "180+1"]
[Date "2023.11.07"]
[WhiteClock "0:01:10"]
[BlackClock "0:00:30"]
[Board "28"]

1. e4 Nc6 2. Nf3 d6 3. d4 Nf6 4. Nc3 g6 5. Be2 Bg7 6. O-O O-O 7. Re1 e5 8. dxe5 dxe5 9. Qxd8 Rxd8 10. h3 h6 11. Be3 Be6 12. Rad1 a6 13. a3 Bf8 14. Kf1 Rd6 15. Rxd6 cxd6 16. Rd1 Rc8 17. Bb6 Nb8 18. Bd3 Nbd7 19. Be3 Nc5 20. Nd2 Nxd3 21. cxd3 d5 22. d4 Bxa3 23. bxa3 Rxc3 24. dxe5 Nxe4 25. Nxe4 dxe4 26. Bxh6 Bc4+ 27. Ke1 Bd3 28. Rc1 Rxc1+ 29. Bxc1 Kf8 30. a4 Ke7 31. a5 Ke6 32. Bb2 Kd5 33. g3 Kc4 34. Bc1 Kd4 35. Bb2+ Kc5 36. Bc3 Kc4 37. Bd2 Kd4 38. Bf4 Bb5 39. Kd2 Bd7 40. h4 Be6 41. Kc2 Kc4 42. Bd2 Bg4 43. Bc3 Bf5 44. Kd2 Bg4 45. Bb2 Bh3 46. Bc3 Be6 47. Bb2 Bd7 48. Bc3 Bc6 49. Bb2 Kd5 50. Bc3 Bb5 51. Bb2 Bf1 52. Bc3 Bh3 53. Ke3 Bg4 54. Bb2 Bf3 55. Bc3 Kc4 56. Bd2 Kb3 57. Bc1 Kb4 58. Bd2+ Kc5 59. Bc3 Kc4 60. Bd2 Kd5 61. Bc3 Kc6 62. Bd4 Bg2 63. Bb6 Kd5 64. Bc7 Bh3 65. Bb8 Bg4 66. Bc7 Bf5 67. Kf4 Bh3 68. Bb6 Bg2 69. Bc7 Bf3 70. Bb6 Kc6 71. Bd8 Kd7 72. Bb6 Ke6 73. Bd8 Bg2 74. Bb6 f6 75. exf6 Kxf6 76. g4 Bf3 77. g5+ Ke6 78. Ke3 Kd5 79. Bd8 Bg4 80. Bb6 Be6 81. Bd8 Bd7 82. Bb6 Be8 83. Bd8 Ke5 84. Bb6 Kf5 85. Bd8 Bc6 86. Bb6 Kg4 87. Bd8 Kxh4 88. Bb6 Kg4 89. Bd8 Kf5 90. Bb6 Kxg5 91. Bd8+ Kf5 92. Bb6 Bd7 93. Bd8 Be6 94. Bb6 Bb3 95. Bd8 Bd1 96. Bb6 Bf3 97. Bd8 g5 98. Bb6 g4 99. Bd8 Ke5 100. Bb6 Kd5 101. Bd8 Kc5 102. Bb6+ Kb5 103. Bd8 Kb4 104. Bb6 Kc3 105. Bd4+ Kc4 106. Bb6 Kc3 107. Bd4+ Kc2 108. Bb6 Kd1 109. Bd4 Ke1 110. Bb6 Kf1 111. Bd4 Kg2 112. Bb6 g3 113. fxg3 Kxg3 114. Bd8 Kg4 115. Bb6 Kf5 116. Bd8 Ke6 117. Bb6 Kd7 118. Kd4 Kc6 119. Ke3 Bg2 120. Kd4 Kd6 121. Ke3 Kd5 122. Bd8 Bh3 123. Bb6 Bf5 124. Kf4 Bh7 125. Ke3 Bg6 126. Kf4 Bf7 127. Ke3 Ke5 128. Bd4+ Kf5 129. Bb6 Bd5 130. Kd4 Ke6 131. Ke3 Kd6 132. Kd4 Kc6 133. Ke3 Kd6 134. Kd4 Bc6 135. Ke3 Kd5 136. Kf4 Kc4 137. Ke3 Bd5 138. Bd8 Kc3 139. Bb6 Kc2 140. Kd4 Bc6 141. Ke3 Kb3 142. Kd4 Kb4 143. Ke3 Kc4 144. Bd8 b5 145. axb6 Bb7 146. Kd2 Kb3 147. Kc1 Kc3 148. Kb1 e3 149. Bh4 e2 150. Ka1 Kb3 151. Be1 Kc4 152. Ba5 Kb5 153. Be1 Kxb6 154. Ka2 Kb5 155. Ka1 Bc6 156. Bf2 Bd7 157. Be1 Be6 158. Bf2 Bf7 159. Be1 Bg6 160. Bf2 Bf5 161. Be1 Bg4 162. Bf2 Bh5 163. Be1 Bf3 164. Bf2 Bg2 165. Be1 Bf1 166. Bf2 Kc4 167. Be1 Kd3 168. Bf2 Bg2 169. Bg3 Bc6 170. Bh4 Bb5 171. Be1 Ke4 172. Bh4 Kf3 173. Be1 Kg2 174. Ba5 Kg3 175. Kb2 Kg4 176. Be1 Kf5 177. Bd2 Ke4 178. Be1 Kd5 179. Bd2 Kc4 180. Be1 Be8 181. Bh4 a5 182. Be1 Kb5 183. Ka3 Bf7 184. Kb2 Be6 185. Bd2 Bd5 186. Be1 Bc4 187. Bd2 Bd3 188. Be1 Be4 189. Bd2 Bf5 190. Be1 Bg4 191. Bd2 Bh5 192. Be1 Bg6 193. Bd2 Bh7 194. Be1 Bg8 195. Bd2 a4 196. Be1 Bf7 197. Bd2 Bb3 198. Be1 Kc4 199. Bd2 Kd4 200. Be1 Kd3 201. Bh4 Kd2 202. Ka1 Kc2 203. Be1 Bc4 204. Ba5 Bd5 205. Be1 a3 206. Bh4 Kd1 207. Bg3 Bb3 208. Bh4 Kd2 209. Bg5+ Kd3 210. Bh4 Ke3 211. Be1 Kf3 212. Bb4 Kf2 213. Bc5+ Ke1 214. Bb4+ Kd1 215. Ba5 Kc2 216. Be1 Bc4 217. Bh4 Kd2 218. Bg5+ Kd3 219. Bh4 Bd5 220. Bf2 Kc3 221. Bh4 Kc2 222. Be1 Kd1 223. Bh4 Be6 224. Bg3 Bf7 225. Bh4 Kc2 226. Be1 a2 227. Bh4 Kd3 228. Be1 Ke4 229. Bh4 Kf3 230. Be1 Kg2 231. Ba5 Kf1 232. Bb4 Be6 233. Ba5 Bd5 234. Bb4 Bc4 235. Ba5 Bb3 236. Bb4 Kf2 237. Bc5+ Kf3 238. Bb4 Ke3 239. Be1 Kd3 240. Bh4 Kc2 241. Be1 Kd1 242. Bh4 e1=Q 243. Bxe1 Kxe1 244. Kb2 Kd2 245. Ka1 Kc1 1/2-1/2


[Site "https://www.chess.com"]

[Event "Titled Tuesday Blitz November 07 Late 2023"]
[White "Roebers, Eline"]
[Black "Bauman_Guy"]
[WhiteFideId "1058401"]
[WhiteElo "2638"]
[BlackElo "2896"]
[Result "1-0"]
[Round "8"]
[TimeControl "180+1"]
[Date "2023.11.07"]
[WhiteClock "0:01:35"]
[BlackClock "0:01:19"]
[Board "29"]

1. e4 c6 2. Nf3 d5 3. Nc3 Bg4 4. h3 Bxf3 5. Qxf3 e6 6. d4 g6 7. Be3 Bg7 8. O-O-O Nd7 9. Kb1 Ne7 10. g4 a6 11. h4 h5 12. Bh3 Nf6 13. gxh5 Nxh5 14. Bg5 Qc7 15. Rhe1 dxe4 16. Nxe4 Nf5 17. c3 a5 18. Nc5 O-O 19. Bxf5 exf5 20. Re7 Qd6 21. Rd7 Qxd7 22. Nxd7 Rfe8 23. Nc5 a4 24. Nxb7 a3 25. b3 Nf6 26. Bxf6 Bxf6 27. h5 Kg7 28. hxg6 fxg6 29. Qxc6 Rac8 30. Qd7+ Kh6 31. Nd6 1-0


[Site "https://www.chess.com"]

[Event "Titled Tuesday Blitz November 07 Late 2023"]
[White "Brodsky, David"]
[Black "Zakaryan, David"]
[WhiteFideId "2073250"]
[BlackFideId "24101923"]
[WhiteElo "2802"]
[BlackElo "2636"]
[Result "0-1"]
[Round "8"]
[TimeControl "180+1"]
[Date "2023.11.07"]
[WhiteClock "0:00:02"]
[BlackClock "0:00:08"]
[Board "30"]

1. e4 c5 2. Nf3 Nc6 3. d4 cxd4 4. Nxd4 Qc7 5. Nc3 e6 6. Be3 a6 7. a3 b5 8. Nxc6 dxc6 9. Qg4 Nf6 10. Qg3 e5 11. O-O-O Be6 12. Be2 a5 13. f4 b4 14. fxe5 Nh5 15. Bxh5 bxc3 16. Bd4 cxb2+ 17. Bxb2 g6 18. Bg4 Bxg4 19. Qxg4 Bh6+ 20. Kb1 Rb8 21. Rd3 O-O 22. Ka2 Rxb2+ 23. Kxb2 Qxe5+ 24. Ka2 Bg7 25. Rb1 h5 26. Qd7 Qxe4 27. Qb7 a4 28. Qb4 Qe6+ 29. c4 Qe2+ 30. Qd2 Qe4 31. Qc2 Kh7 32. Rbd1 Rb8 33. Rb1 Qe5 34. Rdd1 Re8 35. Qxa4 Qe2+ 36. Kb3 Rb8+ 37. Qb4 Be5 38. Qxb8 Bxb8 39. a4 Ba7 40. a5 Qxg2 41. a6 Qxh2 42. Rd7 Qg3+ 43. Ka4 Qe3 44. Rxf7+ Kh6 45. Rbb7 Bc5 46. Rb3 Qe1 47. Rb2 Qa1+ 48. Kb3 Qxa6 49. Rg2 Qb6+ 50. Kc2 Qb4 51. Kd3 Qb3+ 52. Ke4 Qxc4+ 53. Ke5 Qxf7 54. Rg3 Qd5+ 55. Kf6 Bd6 56. Rxg6+ Kh7 57. Rg7+ Kh8 58. Rh7+ Kg8 59. Rg7+ Kf8 60. Rg6 Qe5# 0-1


[Site "https://www.chess.com"]

[Event "Titled Tuesday Blitz November 07 Late 2023"]
[White "Troff, Kayden"]
[Black "Fiorito, Francisco"]
[WhiteFideId "2047896"]
[BlackFideId "180165"]
[WhiteElo "2795"]
[BlackElo "2608"]
[Result "0-1"]
[Round "8"]
[TimeControl "180+1"]
[Date "2023.11.07"]
[WhiteClock "0:00:12"]
[BlackClock "0:00:12"]
[Board "31"]

1. d4 Nf6 2. c4 b6 3. Nf3 Bb7 4. Nc3 d5 5. cxd5 Nxd5 6. Qd3 Nxc3 7. bxc3 e6 8. e4 c5 9. Be2 cxd4 10. cxd4 Bb4+ 11. Bd2 Bxd2+ 12. Qxd2 Bxe4 13. Qf4 Bc6 14. Ne5 O-O 15. Rc1 Bd5 16. O-O Nd7 17. Rc3 Nxe5 18. dxe5 f5 19. Rfc1 Rf7 20. h4 Qe7 21. h5 h6 22. a4 Rd8 23. Rg3 Kh8 24. Kh2 Rff8 25. Rcc3 Rc8 26. Rce3 Rc7 27. Rg6 Rfc8 28. Reg3 Qf8 29. Ba6 Rd8 30. Qh4 Qe7 31. Qf4 Qf8 32. f3 Bb3 33. Bb5 Rd1 34. Qh4 Rcc1 35. R3g4 Rh1+ 36. Kg3 Rxh4 37. Rxh4 Rc8 38. Rd4 Bd5 39. Bd7 Rc7 40. Bxe6 Bxe6 41. Rxe6 Rc8 42. Rd7 Rd8 43. Rxa7 f4+ 44. Kg4 Qg8 45. Rae7 Qf8 46. Rc7 Kh7 47. Rg6 Rd2 48. Kh3 Qf5+ 49. Kh4 Qxe5 50. Rf7 Qe1+ 51. Kg4 Rxg2+ 52. Kf5 Rxg6 53. hxg6+ Kg8 54. Rb7 Qe8 55. Rxb6 Qc8+ 56. Ke4 Qc4+ 57. Kf5 Qc5+ 58. Kxf4 Qxb6 59. Kg4 Qa5 60. f4 Qxa4 61. Kh5 Qe8 62. f5 Qf8 63. f6 Qxf6 64. Kg4 Kf8 65. Kh5 Qg5# 0-1


[Site "https://www.chess.com"]

[Event "Titled Tuesday Blitz November 07 Late 2023"]
[White "Leitao, Rafael"]
[Black "Toropov, Pavel"]
[WhiteFideId "2101246"]
[BlackFideId "24129178"]
[WhiteElo "2791"]
[BlackElo "2591"]
[Result "1-0"]
[Round "8"]
[TimeControl "180+1"]
[Date "2023.11.07"]
[WhiteClock "0:00:27"]
[BlackClock "0:00:04"]
[Board "32"]

1. c4 Nf6 2. Nc3 c6 3. d4 d5 4. e3 g6 5. Nf3 Bg7 6. Bd3 O-O 7. O-O a6 8. a4 Bg4 9. h3 Bxf3 10. Qxf3 a5 11. b3 Na6 12. Ba3 Re8 13. Rfd1 e6 14. Rac1 Qb6 15. Rb1 Nb4 16. c5 Qc7 17. Bxb4 axb4 18. Na2 b5 19. Nxb4 bxa4 20. bxa4 Rxa4 21. Nxc6 Qxc6 22. Bb5 Qa8 23. Bxe8 Qxe8 24. Qf4 Ra8 25. Rb7 Ne4 26. Qc7 Rc8 27. Qd7 Qxd7 28. Rxd7 Nc3 29. Rd3 Ne4 30. Rb3 Bf6 31. Rbb7 Nxc5 32. dxc5 Rxc5 33. Rxf7 Be5 34. g3 h5 35. Rfe7 Rc6 36. Re8# 1-0


[Site "https://www.chess.com"]

[Event "Titled Tuesday Blitz November 07 Late 2023"]
[White "GaiozNigalidze"]
[Black "Gontcharov, Vladislav"]
[BlackFideId "4123492"]
[WhiteElo "2742"]
[BlackElo "2591"]
[Result "1/2-1/2"]
[Round "8"]
[TimeControl "180+1"]
[Date "2023.11.07"]
[WhiteClock "0:00:20"]
[BlackClock "0:00:04"]
[Board "33"]

1. d4 Nf6 2. c4 e6 3. Nf3 b6 4. g3 Bb7 5. Bg2 Bb4+ 6. Bd2 Be7 7. O-O O-O 8. Nc3 Ne4 9. Be1 f5 10. Rc1 d6 11. Nxe4 Bxe4 12. Bc3 Nd7 13. Qa4 h6 14. Nd2 Bxg2 15. Kxg2 Nf6 16. Qc6 Qd7 17. Qxd7 Nxd7 18. e4 fxe4 19. Nxe4 Rae8 20. Rfe1 Nf6 21. Nd2 Bd8 22. Re2 Kf7 23. Rce1 g5 24. h3 Rg8 25. g4 c6 26. f3 Bc7 27. b3 d5 28. a4 Bf4 29. a5 Nd7 30. axb6 axb6 31. Nf1 c5 32. Ng3 dxc4 33. bxc4 cxd4 34. Bxd4 e5 35. Bb2 Bxg3 36. Kxg3 Kf6 37. Rd1 Rg7 38. Red2 Nc5 39. Rd5 Rge7 40. Re1 Re6 41. h4 R8e7 42. hxg5+ hxg5 43. Rh1 Kg6 44. Rd8 e4 45. Rg8+ Kf7 46. Rxg5 exf3 47. Rf5+ Ke8 48. Rxf3 Ne4+ 49. Kg2 Rg6 50. Rf4 Nc5 51. Bf6 Re6 52. Rh8+ Kd7 53. Rh7+ Kc8 54. Bd4 Nd7 55. Kf3 Rc6 56. Be3 Ne5+ 57. Ke2 Rg8 58. g5 Nxc4 59. Bd4 Na5 60. Bf6 Nb7 61. Re4 Rc7 62. Rxc7+ Kxc7 63. Kf3 Nc5 64. Re7+ Kc6 65. Kf4 b5 66. Kf5 b4 67. g6 b3 68. g7 Nd7 69. Bb2 Nc5 70. Kg6 Nd3 71. Bf6 b2 72. Bxb2 Nxb2 73. Kh7 Rxg7+ 74. Kxg7 Nc4 75. Re2 Kd5 76. Kf6 Kd4 77. Kf5 Kd5 78. Re8 Nd6+ 79. Kf4 Nc4 80. Rd8+ Ke6 81. Rd4 Nd6 82. Rd1 Nc4 83. Re1+ Kd5 84. Kf5 Nd6+ 85. Kf6 Nc4 86. Rd1+ Ke4 87. Ke6 Ne3 88. Re1 Kd4 89. Ra1 Ke4 90. Ra3 Nc4 91. Ra4 Kd4 92. Rb4 Kc5 93. Rb1 Kd4 94. Kf5 Nd6+ 95. Kf4 Nc4 96. Rd1+ Kc5 97. Rc1 Kd4 98. Kf3 Ne5+ 99. Ke2 Nc4 100. Rh1 Ne5 101. Rh4+ Kd5 102. Ke3 Nc4+ 103. Kd3 Ne5+ 104. Kc3 Nf3 105. Rh5+ Ke4 106. Kc4 Ne5+ 107. Kc5 Nd3+ 108. Kd6 Nf4 109. Rh4 Kf5 110. Rh1 Ke4 111. Rf1 Nd3 112. Rd1 Nf4 113. Rd4+ Kxd4 1/2-1/2


[Site "https://www.chess.com"]

[Event "Titled Tuesday Blitz November 07 Late 2023"]
[White "Tatarinov, Dmitry"]
[Black "Ziatdinov, Raset"]
[WhiteFideId "24160067"]
[BlackFideId "2015323"]
[WhiteElo "2725"]
[BlackElo "2535"]
[Result "1-0"]
[Round "8"]
[TimeControl "180+1"]
[Date "2023.11.07"]
[WhiteClock "0:01:10"]
[BlackClock "0:00:00"]
[Board "34"]

1. e4 e5 2. Nf3 Nc6 3. Bb5 a6 4. Ba4 Nf6 5. d3 d6 6. O-O b5 7. Bb3 Na5 8. Nc3 Be7 9. h3 O-O 10. Nd5 Nxd5 11. Bxd5 c6 12. Bb3 Nxb3 13. axb3 f5 14. exf5 Bxf5 15. Re1 Qd7 16. Bg5 Bxg5 17. Nxg5 h6 18. Ne4 Rf7 19. d4 Bxe4 20. Rxe4 exd4 21. Qxd4 d5 22. Re5 a5 23. Rae1 a4 24. bxa4 Rxa4 25. Re8+ Kh7 26. Qd3+ Qf5 27. Qd2 Rf4 28. R1e2 b4 29. R8e5 Qg6 30. Re6 R4f6 31. Rxf6 Qxf6 32. Qxb4 Qf4 33. Qe1 c5 34. Re5 Qc4 35. Qd2 d4 36. b3 Qb5 37. Qe1 Qc6 38. Qe2 Ra7 39. Qd3+ Kh8 40. Qf5 Ra8 41. Rxc5 Qd6 42. Rc8+ Rxc8 43. Qxc8+ Kh7 44. Qf5+ Kg8 45. g3 1-0


[Site "https://www.chess.com"]

[Event "Titled Tuesday Blitz November 07 Late 2023"]
[White "Skvortsov, Andrei"]
[Black "Rangel, Daniel"]
[WhiteFideId "24108600"]
[BlackFideId "2124475"]
[WhiteElo "2679"]
[BlackElo "2529"]
[Result "1-0"]
[Round "8"]
[TimeControl "180+1"]
[Date "2023.11.07"]
[WhiteClock "0:01:57"]
[BlackClock "0:00:10"]
[Board "35"]

1. e4 c5 2. d4 g6 3. Nc3 cxd4 4. Qxd4 Nf6 5. Nf3 Nc6 6. Qd3 d6 7. Be2 Bg7 8. O-O O-O 9. Nd5 Nxd5 10. exd5 Bf5 11. Qd1 Nb4 12. c3 Nc2 13. g4 Nxa1 14. gxf5 Qa5 15. a4 Qb6 16. Bb5 a6 17. Be3 Qa5 18. Be2 Nc2 19. Qxc2 Qxd5 20. Rd1 Qxf5 21. Qxf5 gxf5 22. Nh4 e6 23. Rxd6 Rfd8 24. Rxd8+ Rxd8 25. Nf3 Rd7 26. Ne1 Be5 27. f4 Bd6 28. Nc2 f6 29. Kg2 Kg7 30. Nd4 Kf7 31. Bc4 Re7 32. Nxf5 Rd7 33. Nd4 Re7 34. f5 Ke8 35. Bxe6 Rg7+ 36. Kh3 Be5 37. Nf3 Bd6 38. Bd4 Ke7 39. Nd2 Rg5 40. Ne4 Rh5+ 41. Kg4 Rxh2 42. Bxf6+ Kf8 43. Nxd6 h5+ 44. Kg5 Rxb2 45. Ne4 h4 46. Kxh4 b5 47. axb5 axb5 48. Bd4 b4 49. Bc5+ Kg7 50. cxb4 Kh6 51. Be3+ Kh7 52. Ng5+ Kh6 53. Nf3+ Kh7 54. Bc5 Rb1 55. Kg4 Rb2 56. Kf4 Rg2 57. b5 Rb2 58. b6 Rb1 59. Bd5 Kh6 60. b7 Kh5 61. Bd6 Rb6 62. Be5 Rb4+ 63. Nd4 Rb6 64. b8=Q Rxb8 65. Bxb8 Kh6 66. Ke5 Kg7 67. Ke6 Kf8 68. Bf3 Kg7 69. Bd1 Kh6 70. Bf4+ Kg7 71. Bc1 Kf8 72. Kf6 Kg8 73. Ke7 Kh8 74. f6 Kg8 75. f7+ Kh7 76. Bc2+ Kg7 77. Ne6+ Kh8 78. Bb2# 1-0


[Site "https://www.chess.com"]

[Event "Titled Tuesday Blitz November 07 Late 2023"]
[White "Mladenovic, Stefan"]
[Black "Kazakov, Mikhail"]
[WhiteFideId "942227"]
[BlackFideId "14102749"]
[WhiteElo "2669"]
[BlackElo "2462"]
[Result "1-0"]
[Round "8"]
[TimeControl "180+1"]
[Date "2023.11.07"]
[WhiteClock "0:00:04"]
[BlackClock "0:00:00"]
[Board "36"]

1. d4 Nf6 2. Nf3 g6 3. Bf4 Bg7 4. e3 O-O 5. Be2 d6 6. O-O c5 7. c3 Be6 8. Nbd2 Qb6 9. Ng5 Bd5 10. e4 Bc6 11. d5 Bb5 12. Bxb5 Qxb5 13. Ngf3 Qa6 14. a4 Nbd7 15. Re1 Ng4 16. Qe2 Qxe2 17. Rxe2 Nge5 18. Nxe5 Nxe5 19. Bxe5 Bxe5 20. Nc4 Bg7 21. f4 Rfd8 22. Rd1 b6 23. e5 Bf8 24. exd6 exd6 25. Rde1 Rab8 26. g3 a6 27. Kg2 Rdc8 28. Kf3 Kg7 29. g4 Rd8 30. f5 Kf6 31. Kf4 g5+ 32. Kf3 h6 33. h4 gxh4 34. Kf4 Rd7 35. Re8 Rxe8 36. Rxe8 Be7 37. Nxb6 Rb7 38. Nc4 Kg7 39. Ra8 Bg5+ 40. Kf3 Re7 41. Rxa6 Re1 42. Rxd6 Rg1 43. Kf2 Rxg4 44. Ne5 Rxa4 45. Nf3 Rf4 46. Rc6 h3 47. Kg3 Rxf5 48. Nxg5 Rxg5+ 49. Kxh3 Rxd5 50. Kg4 f6 51. Rc7+ Kg6 52. Rc8 h5+ 53. Kf4 Rf5+ 54. Ke4 Re5+ 55. Kf4 Rf5+ 56. Ke4 Rg5 57. Kf4 h4 58. Rh8 Rh5 59. Rxh5 Kxh5 60. b4 h3 61. Kg3 h2 62. Kxh2 Kg4 63. b5 1-0


[Site "https://www.chess.com"]

[Event "Titled Tuesday Blitz November 07 Late 2023"]
[White "Perske, Thore"]
[Black "FuenfgegenWilly"]
[WhiteFideId "12902195"]
[WhiteElo "2651"]
[BlackElo "2451"]
[Result "1-0"]
[Round "8"]
[TimeControl "180+1"]
[Date "2023.11.07"]
[WhiteClock "0:00:04"]
[BlackClock "0:00:00"]
[Board "37"]

1. e4 Na6 2. d4 c6 3. c4 Nc7 4. Nc3 g6 5. Nge2 Bg7 6. g3 d6 7. Bg2 Bd7 8. O-O Qc8 9. f4 Bh3 10. Be3 h5 11. f5 Bxg2 12. Kxg2 Nf6 13. h3 gxf5 14. Rxf5 Nxe4 15. Rf3 Nxc3 16. bxc3 Qe6 17. Qd3 Qg6 18. Qxg6 fxg6 19. Nf4 g5 20. Nd3 Ne6 21. d5 cxd5 22. cxd5 Nc7 23. Bxg5 Nxd5 24. Rb1 b6 25. c4 Nf6 26. Nf4 Kd7 27. Re1 Rac8 28. Ne6 Rhg8 29. Nxg7 Rxg7 30. Bxf6 exf6 31. Rxf6 Rxc4 32. Re2 Rc3 33. Rf3 Rxf3 34. Kxf3 d5 35. Kf4 Kd6 36. Rd2 Kc5 37. g4 hxg4 38. hxg4 d4 39. g5 Kc4 40. Rc2+ Kd3 41. Rc8 Ke2 42. Re8+ Kd2 43. Kf5 d3 44. Kf6 Rd7 45. g6 Kc1 46. Rc8+ Kb1 47. g7 d2 48. g8=Q d1=Q 49. Qc4 Qd4+ 50. Ke6 Qd6+ 51. Kf5 Qd5+ 52. Qxd5 Rxd5+ 53. Ke4 Ra5 54. Kd3 Kxa2 55. Kc3 Ka3 56. Kc4 Ka4 57. Rc7 b5+ 58. Kc3 Ra6 59. Rb7 Ka5 60. Kb3 1-0


[Site "https://www.chess.com"]

[Event "Titled Tuesday Blitz November 07 Late 2023"]
[White "Shuvalova, Polina"]
[Black "Awoki, Daniel Teidi"]
[WhiteFideId "24171760"]
[BlackFideId "2100827"]
[WhiteElo "2648"]
[BlackElo "2333"]
[Result "0-1"]
[Round "8"]
[TimeControl "180+1"]
[Date "2023.11.07"]
[WhiteClock "0:00:10"]
[BlackClock "0:00:08"]
[Board "38"]

1. e4 c5 2. Nf3 e6 3. c3 Nf6 4. e5 Nd5 5. d4 cxd4 6. cxd4 d6 7. Bc4 Nc6 8. O-O Be7 9. Qe2 O-O 10. Rd1 Qc7 11. a3 Rd8 12. Nbd2 dxe5 13. dxe5 Bd7 14. Nf1 Be8 15. Ng3 g6 16. Bxd5 Rxd5 17. Rxd5 exd5 18. Bf4 d4 19. Rd1 Rd8 20. Ne4 Qd7 21. h3 Qd5 22. Nd6 Bxd6 23. exd6 Bd7 24. b4 a6 25. Qb2 Bxh3 26. Rd3 Bf5 27. Rd2 Qe4 28. Bg3 Qb1+ 29. Qxb1 Bxb1 30. Nxd4 Nxd4 31. Rxd4 Rd7 32. Rc4 f6 33. f3 Bf5 34. Kf2 Kf7 35. Ke3 Be6 36. Rc1 h5 37. Kd4 g5 38. Kc5 f5 39. Be5 h4 40. Kb6 Bd5 41. Rc7 Ke6 42. Bh2 g4 43. fxg4 fxg4 44. Kc5 g3 45. Bg1 Bxg2 46. Rc8 h3 47. Re8+ Kf7 48. Rh8 h2 49. Bxh2 gxh2 50. Rxh2 Bc6 51. Rh7+ Ke6 52. Rh6+ Kf7 53. Rh7+ Ke6 54. Rh6+ Kf7 55. Kb6 Ke8 56. Kc5 Rf7 57. a4 Kd7 58. a5 Rf5+ 59. Kc4 Re5 60. Rg6 Re6 61. Rg7+ Kxd6 62. Rg4 Re4+ 63. Rxe4 Bxe4 64. b5 axb5+ 65. Kxb5 Bd3+ 66. Kb6 Ba6 67. Ka7 Kc5 68. Kb8 Kb5 69. Kc7 Kxa5 70. Kd6 b5 71. Ke6 b4 0-1


[Site "https://www.chess.com"]

[Event "Titled Tuesday Blitz November 07 Late 2023"]
[White "Wieczorek, Oskar"]
[Black "Harish, Neeraj"]
[WhiteFideId "1133950"]
[BlackFideId "30958130"]
[WhiteElo "2648"]
[BlackElo "2317"]
[Result "0-1"]
[Round "8"]
[TimeControl "180+1"]
[Date "2023.11.07"]
[WhiteClock "0:00:09"]
[BlackClock "0:00:11"]
[Board "39"]

1. e4 c5 2. Nf3 Nc6 3. b4 cxb4 4. d4 g6 5. c4 Bg7 6. Be3 d6 7. Nbd2 Nf6 8. Bd3 O-O 9. O-O Ng4 10. h3 Nxe3 11. fxe3 e5 12. Nb3 a5 13. d5 Nb8 14. c5 a4 15. Nbd2 Nd7 16. cxd6 Nc5 17. Nc4 f5 18. Nfxe5 Re8 19. exf5 Bxe5 20. fxg6 h6 21. Qf3 Bg7 22. e4 Rf8 23. Qe3 Nxd3 24. Qxd3 Bxa1 25. Rxa1 Qg5 26. Re1 Qxg6 27. Qd4 b5 28. Nb6 Rb8 29. Re3 Qf6 30. Rg3+ Kh7 31. Qxf6 Rxf6 32. d7 Bxd7 33. Nxd7 Rbf8 34. Nxf8+ Rxf8 35. e5 b3 36. axb3 a3 37. Re3 a2 38. Re1 Rf5 39. Ra1 Rxe5 40. d6 Rd5 41. Rxa2 Rxd6 42. Ra5 Rd5 43. Ra6 Rd3 44. b4 Rb3 45. Rb6 Rxb4 46. Kf2 Rb2+ 47. Kg3 b4 48. Kf3 b3 49. g4 Rb1 50. Kg2 b2 51. Kh2 Kg7 52. Kg2 Kh7 53. h4 Kg7 54. Kh2 Kh7 55. Rb3 Kg7 56. Rb6 Kh7 57. h5 Kg7 58. Rb5 Kh7 59. Rb7+ Kg8 60. Kg2 Kh8 61. Kf2 Rh1 62. Kg2 b1=Q 0-1


[Site "https://www.chess.com"]

[Event "Titled Tuesday Blitz November 07 Late 2023"]
[White "Holt, Conrad"]
[Black "Gimenez Aguirre, Alejo Ismael"]
[WhiteFideId "2034387"]
[BlackFideId "32041667"]
[WhiteElo "2789"]
[BlackElo "2577"]
[Result "1-0"]
[Round "8"]
[TimeControl "180+1"]
[Date "2023.11.07"]
[WhiteClock "0:00:19"]
[BlackClock "0:00:00"]
[Board "40"]

1. d4 Nf6 2. c4 e6 3. Nc3 Bb4 4. Qc2 O-O 5. a3 Bxc3+ 6. Qxc3 Ne4 7. Qc2 d5 8. Nf3 Nc6 9. e3 Ng5 10. Be2 Nxf3+ 11. Bxf3 Ne7 12. O-O c6 13. Bd2 Nf5 14. b3 Nh4 15. Be2 Ng6 16. Rfd1 Qf6 17. e4 dxe4 18. Qxe4 e5 19. dxe5 Qxe5 20. Qxe5 Nxe5 21. Bc3 Ng6 22. a4 Bf5 23. a5 a6 24. Rd2 Rfe8 25. f3 Nf4 26. Bf1 h5 27. Kf2 h4 28. Rad1 Re6 29. Rd8+ Re8 30. Rxa8 Rxa8 31. g3 hxg3+ 32. hxg3 Ne6 33. g4 Bg6 34. Rd7 Nc5 35. Re7 Kf8 36. Re3 Kg8 37. Bd4 Ne6 38. Bb6 Bc2 39. Ke1 g5 40. Kd2 Bg6 41. Kc3 Kg7 42. b4 Rh8 43. b5 cxb5 44. cxb5 axb5 45. Bxb5 Rh1 46. Bc4 Nf4 47. Bd4+ Kf8 48. Bf6 Rc1+ 49. Kb3 Rb1+ 50. Ka3 Ng2 51. Rb3 Rc1 52. Rxb7 Ke8 53. Bb5+ Kf8 54. Rb8+ 1-0


[Site "https://www.chess.com"]

[Event "Titled Tuesday Blitz November 07 Late 2023"]
[White "Lima, Kleyton Alcantara"]
[Black "Sokolovsky, Yahli"]
[WhiteFideId "22718397"]
[BlackFideId "2820242"]
[WhiteElo "2549"]
[BlackElo "2769"]
[Result "0-1"]
[Round "8"]
[TimeControl "180+1"]
[Date "2023.11.07"]
[WhiteClock "0:00:05"]
[BlackClock "0:00:13"]
[Board "41"]

1. e4 d6 2. d4 g6 3. Nc3 Bg7 4. f4 Nf6 5. Nf3 O-O 6. Bd3 Nc6 7. e5 dxe5 8. fxe5 Nd5 9. Nxd5 Qxd5 10. c3 Bg4 11. O-O Rad8 12. Qe2 Nxe5 13. Be4 Qc4 14. Qxc4 Nxc4 15. Bxb7 Nxb2 16. Bxb2 Rb8 17. Ba3 Rxb7 18. Bxe7 Re8 19. Bb4 Rbb8 20. Rae1 Be6 21. Ne5 Bd5 22. Nd7 Rxe1 23. Rxe1 Rd8 24. Ne5 Re8 25. Kf2 f6 26. c4 Bxg2 27. Kxg2 fxe5 28. dxe5 Rxe5 29. Rxe5 Bxe5 30. h3 Kf7 31. Kf3 Ke6 32. Ke4 a6 33. a4 c6 34. Bc5 h5 35. Be3 Bd6 36. Bg5 Be7 37. Be3 g5 38. Bd2 Kf6 39. Be3 Bd6 40. Bf2 Kg6 41. Be1 Bc7 42. Bf2 Bb8 43. Be1 Bd6 44. Bf2 g4 45. hxg4 hxg4 46. Be1 Kg5 47. c5 Bxc5 48. Ke5 Be3 49. Ke6 Kf4 50. Kd6 c5 51. Kc6 g3 52. Bxg3+ Kxg3 53. Kb6 c4+ 54. Kxa6 c3 0-1


[Site "https://www.chess.com"]

[Event "Titled Tuesday Blitz November 07 Late 2023"]
[White "Lymar, Vladislav"]
[Black "Rosen, Eric"]
[WhiteFideId "14162180"]
[BlackFideId "2032562"]
[WhiteElo "2542"]
[BlackElo "2725"]
[Result "1-0"]
[Round "8"]
[TimeControl "180+1"]
[Date "2023.11.07"]
[WhiteClock "0:00:38"]
[BlackClock "0:00:00"]
[Board "42"]

1. d4 d5 2. c4 e6 3. cxd5 exd5 4. Bf4 Nf6 5. e3 c6 6. Bd3 Bd6 7. Bxd6 Qxd6 8. Nc3 O-O 9. h3 Re8 10. Qc2 Nbd7 11. Nf3 a5 12. O-O Nf8 13. Ne5 N6d7 14. Nf3 Ng6 15. a3 Nf6 16. Rac1 Ne4 17. Nxe4 dxe4 18. Bxe4 Qf6 19. d5 cxd5 20. Bxd5 Bf5 21. Qc3 Qxc3 22. Rxc3 Rab8 23. Nd4 Ne7 24. Bf3 Be6 25. Nxe6 fxe6 26. Rc7 b5 27. Rd1 b4 28. Ra7 bxa3 29. bxa3 Rb5 30. Rdd7 Kf8 31. Bg4 e5 32. Rdc7 g6 33. Kh2 h5 34. Bd7 Nd5 35. Bxe8 Rb3 36. Bf7 Nxc7 37. Bxb3 Nb5 38. Rxa5 Nc3 39. Rxe5 Kg7 40. a4 Kh8 41. a5 g5 42. a6 1-0


[Site "https://www.chess.com"]